 Dungeon Crawl Stone Soup version 0.28-a0-724-g66f9036eb4 (webtiles) character file.

Game seed: 17070803601505877166

2334 spiderkeys the Agent of Entropy (level 9, 0/69 HPs)
             Began as a Human Abyssal Knight on Oct 26, 2021.
             Was a Priest of Lugonu.
             Shot with an arrow by a centaur (7 damage)
             ... on level 6 of the Dungeon on Oct 27, 2021.
             The game lasted 00:12:20 (7329 turns).

spiderkeys the Agent of Entropy (HuAK)              Turns: 7329, Time: 00:12:21

Health: 0/69       AC:  5    Str: 16    XL:     9   Next: 70%
Magic:  13/13      EV: 13    Int: 12    God:    Lugonu [***...]
Gold:   244        SH:  0    Dex: 13    Spells: 13/13 levels left

rFire   + . .      SeeInvis .   a - +1 falchion (spect)
rCold   . . .      Faith    .   (no shield)
rNeg    . . .      Spirit   .   b - +1 leather armour
rPois   +          Reflect  .   (no helmet)
rElec   .          Harm     .   x - +0 cloak
rCorr   .          Rampage  .   (no gloves)
Will    .....                   (no boots)
Stlth   ++........              (no amulet)
HPRegen 0.21/turn               F - ring of protection from fire
MPRegen 0.13/turn               P - ring of poison resistance

@: no status effects
A: no striking features
a: Renounce Religion, Depart the Abyss, Bend Space, Banish


You were on level 6 of the Dungeon.
You worshipped Lugonu.
Lugonu was most pleased with you.
You visited 1 branch of the dungeon, and saw 6 of its levels.
You visited the Abyss 1 time.
You also visited: Sewer.

You collected 244 gold pieces.


   Skills:
 + Level 6.2 Fighting
 + Level 5.7 Long Blades
 - Level 2.0 Armour
 + Level 5.5 Dodging
 - Level 4.3 Stealth
 + Level 2.8 Spellcasting
 + Level 6.3 Invocations


You had 13 spell levels left.
You didn't know any spells.
Your spell library contained the following spells:

 Spells                   Type           Power      Damage    Failure   Level
 Sublimation of Blood     Necr           0%         N/A       43%         2
 Wereblood                Tmut           1%         N/A       43%         2
 Summon Hydra             Summ           0%         N/A       100%        7

Inventory:

Hand Weapons
 a - a +1 spectral falchion (weapon)
Missiles
 i - 41 stones
 j - 109 bolts
 l - 40 poisoned darts
 q - 87 arrows
 v - 23 sling bullets
Armour
 b - a +1 leather armour (worn)
 h - a scarf of invisibility
   (You found it on level 1 of the Dungeon)
 x - a +0 cloak (worn)
   (You took it off Crazy Yiuf on level 5 of the Dungeon)
Jewellery
 F - a ring of protection from fire (left hand)
   (You found it on level 5 of the Dungeon)
 P - a ring of poison resistance (right hand)
   (You found it on level 5 of the Dungeon)
Wands
 g - a wand of polymorph (6)
   (You found it on level 2 of the Abyss)
 y - a wand of digging (6)
   (You found it on level 6 of the Dungeon)
Scrolls
 c - 2 scrolls of amnesia
 d - 3 scrolls of enchant weapon
 k - 2 scrolls of immolation {!r!r}
 p - a scroll of fog
 r - a scroll of summoning
 z - a scroll of identify {@r1}
Potions
 e - 2 potions of might {unknown}
 f - 2 potions of cancellation {unknown}
 m - 2 potions of heal wounds {@q2}
 n - a potion of magic {unknown}
 o - a potion of brilliance {unknown}
 s - 3 potions of invisibility {unknown}
 t - 2 potions of mutation {unknown}
 u - 2 potions of curing {@q1}
 w - a potion of haste {unknown}
 A - 2 potions of flight {unknown}

Dungeon Overview and Level Annotations

Branches:
Dungeon (6/15)             Temple (0/1) D:4           Sewer (visited)

Altars:
Fedhas
Vehumet
Wu Jian
The Shining One

Shops:
D:1 *   D:2 : D:4

( .## ..# ..#### #### .
.....######### ###...#..
.............###........
........................
....###.................
...## ####......)S......
...# #........@)ยงc....
...# ##..>.....Zo......
..## #...............#.
..# #..............##
.## ####..........## .#
#####......# ## ########
### ..#############


You could see a centaur, an adder, an orc and a bullfrog skeleton.


Message History

* * * LOW HITPOINT WARNING * * *
The orc hits you but does no damage. The bullfrog skeleton hits you.
* * * LOW HITPOINT WARNING * * *
The adder misses you.
You hear some strange, mumbled words.
A puff of flame appears from out of thin air!
The puff of flame hits your +1 spectral falchion.
Your +1 spectral falchion resists.
The centaur shoots an arrow.
The arrow hits your +1 spectral falchion!
Your spectral weapon shares its damage with you!
* * * LOW HITPOINT WARNING * * *
๐Ÿ˜ฑ HP[-20]
You take 20 damage, and now have 1/69 hp.
MASSIVE DAMAGE!! (PAUSE)
Okay, then.
Okay, then.
It was a potion of heal wounds.
You feel much better.
The centaur shoots an arrow.
The arrow hits you.
* * * LOW HITPOINT WARNING * * *
The adder bites you but does no damage.
The bullfrog skeleton closely misses you.
The centaur shoots an arrow.
The arrow barely misses you.
The centaur shoots an arrow.
Reactivating autopickup.
The orc completely misses you. ๐Ÿ˜จ HP[+20]
You regained 20 hp, and now have 21/69 hp.
You feel much better.
The centaur shoots an arrow.
The arrow hits you. The adder bites you. The bullfrog skeleton misses you.
The centaur shoots an arrow.
The arrow misses you.
The orc closely misses you. ๐Ÿ˜ฎ HP[+19]
You regained 19 hp, and now have 40/69 hp.
You hit the centaur.
Your +1 spectral falchion hits the centaur!
The adder barely misses you.
The centaur shoots an arrow.
The arrow hits your +1 spectral falchion!
Your spectral weapon shares its damage with you!
The bullfrog skeleton misses you.
The centaur unwields a +0 shortbow.
The centaur hits you but does no damage.
The centaur misses you. The orc hits you with a +0 club.
* * * LOW HITPOINT WARNING * * *
The adder barely misses you.
The centaur shoots an arrow.
The arrow completely misses your +1 spectral falchion.
The arrow hits you!
* * * LOW HITPOINT WARNING * * *
The bullfrog skeleton hits you.
* * * LOW HITPOINT WARNING * * *
๐Ÿ˜จ HP[-21]
You take 21 damage, and now have 19/69 hp.
MASSIVE DAMAGE!! (PAUSE)
You hit the centaur.
Your +1 spectral falchion hits the centaur!
The centaur hits you but does no damage.
The centaur kicks you.
* * * LOW HITPOINT WARNING * * *
The centaur shoots an arrow.
The arrow hits you.
* * * LOW HITPOINT WARNING * * *
The adder barely misses you. The bullfrog skeleton hits you.
* * * LOW HITPOINT WARNING * * *
The orc closely misses you.
The centaur hits you but does no damage.
The centaur barely misses you. ๐Ÿ˜ฑ HP[-9]
You take 9 damage, and now have 10/69 hp.
You feel much better.
The centaur shoots an arrow.
The arrow hits you.
* * * LOW HITPOINT WARNING * * *
The adder bites you but does no damage.
The bullfrog skeleton closely misses you.
The centaur hits you but does no damage.
The centaur kicks you.
* * * LOW HITPOINT WARNING * * *
The orc hits you with a +0 club.
* * * LOW HITPOINT WARNING * * *
The centaur shoots an arrow.
The arrow closely misses you.
The adder closely misses you. ๐Ÿ˜ฑ HP[+6]
You regained 6 hp, and now have 16/69 hp.
You feel much better.
The bullfrog skeleton closely misses you.
The centaur completely misses you. The centaur misses you.
The centaur shoots an arrow.
The arrow completely misses you. The orc hits you with a +0 club.
* * * LOW HITPOINT WARNING * * *
The adder closely misses you. The bullfrog skeleton hits you.
* * * LOW HITPOINT WARNING * * *
The centaur hits you but does no damage.
The centaur misses you. ๐Ÿ˜จ HP[+6]
You regained 6 hp, and now have 22/69 hp.
You hit the centaur.
You kill the centaur!
Lugonu accepts your kill.
The centaur shoots an arrow.
The arrow hits you!
* * * LOW HITPOINT WARNING * * *
The adder bites you.
* * * LOW HITPOINT WARNING * * *
The bullfrog skeleton closely misses you.
The centaur shoots an arrow.
The arrow hits you!
You die...

Skill      XL: |  1  2  3  4  5  6  7  8  9 |
---------------+----------------------------+-----
Fighting       | 5 6 |  6.2
Long Blades    | 4 5 |  5.7
Dodging        | 4 5 |  5.5
Stealth        | 4 |  4.3
Invocations    | 4 5 6 |  6.3
Spellcasting   | 1 2 |  2.8
Armour         | |  2.0

Action                   |  1- 3 |  4- 6 |  7- 9 || total
-------------------------+-------+-------+-------++-------
Melee: Falchion          |       |       |   439 ||   439
Invok: Depart the Abyss  |       |       |     1 ||     1
Evoke: Wand              |     5 |       |     9 ||    14
  Use: Scroll            |     1 |       |    12 ||    13
       Potion            |       |       |     5 ||     5
 Stab: Sleeping          |       |       |    15 ||    15
       Paralysed         |       |       |     8 ||     8
       Distracted        |       |       |     2 ||     2
Armor: Leather armour    |       |       |   123 ||   123
Dodge: Dodged            |     2 |       |   356 ||   358

Levels and vault maps discovered:
D:1:      dpeg_arrival_water_fire, layout_basic, ebering_ecumenical_altar_box,
          serial_curves, eino_curves_03, eino_curves_01, serial_shops, shop
D:2:      layout_rooms, serial_shops, shop_fountains
D:3:      kb_forest_paths, layout_basic, gammafunk_temple_overflow_claw
D:4:      layout_cave_pools, minmay_temple_entry_junction, serial_shops,
          nicolae_square_shop, uniq_ijyb, uniq_menkaure
D:5:      layout_loops_ring, gup_sewer_entry_pipe, uniq_crazy_yiuf_cottage,
          uniq_sigmund
D:6:      layout_cave_pods, mainiacjoe_overflow_catwalk

Notes
Turn   | Place    | Note
-------+----------+-------------------------------------------
     0 | Abyss:1  | spiderkeys the Human Abyssal Knight began the quest for the
                  | Orb.
     0 | Abyss:1  | Reached XP level 1. HP: 18/18 MP: 2/2
     0 | Abyss:1  | magus.rc [v1.9.10]
    38 | Abyss:1  | Found a corrupted altar of Lugonu.
   209 | Abyss:2  | Noticed a tentacled starspawn
   217 | Abyss:2  | Killed a tentacled starspawn
   218 | Abyss:2  | Reached skill level 5 in Fighting
   218 | Abyss:2  | Reached skill level 4 in Long Blades
   218 | Abyss:2  | Reached skill level 4 in Dodging
   218 | Abyss:2  | Reached skill level 4 in Stealth
   218 | Abyss:2  | Reached skill level 4 in Invocations
   218 | Abyss:2  | Reached XP level 2. HP: 19/27 MP: 3/5
   218 | Abyss:2  | Reached XP level 3. HP: 23/33 MP: 3/6
   218 | Abyss:2  | Reached XP level 4. HP: 28/39 MP: 3/7
   218 | Abyss:2  | Reached XP level 5. HP: 31/44 MP: 3/8
   218 | Abyss:2  | Reached XP level 6. HP: 36/51 MP: 3/9
   218 | Abyss:2  | Reached XP level 7. HP: 40/56 MP: 3/10
   218 | Abyss:2  | Reached XP level 8. HP: 44/62 MP: 3/11
   224 | Abyss:2  | Noticed a large abomination
   230 | Abyss:2  | HP: 15/62 [large abomination (32)]
   233 | D:1      | You pass through the gate.
   233 | D:1      | Escaped the Abyss
   746 | D:1      | Found a faded altar of an unknown god.
  1161 | D:1      | Found Cual's General Store.
  1339 | D:1      | Reached * piety under Lugonu
  1704 | D:1      | Reached skill level 5 in Invocations
  2024 | D:2      | magus.rc [v1.9.10]
  2101 | D:2      | Found Akeeth's Book Emporium.
  2793 | D:3      | You pick up a book of Blood and begin reading...
  2793 | D:3      | You add the spells Sublimation of Blood, Wereblood and
                  | Summon Hydra to your library.
  3388 | D:3      | Found a radiant altar of Vehumet.
  3388 | D:3      | Found an ornate altar of the Wu Jian Council.
  3389 | D:3      | Found a blossoming altar of Fedhas.
  3471 | D:4      | Found a staircase to the Ecumenical Temple.
  3551 | D:4      | Reached ** piety under Lugonu
  3860 | D:4      | Noticed Menkaure
  3865 | D:4      | Noticed Ijyb
  3872 | D:4      | Killed Menkaure
  3874 | D:4      | Paralysed by Ijyb for 5 turns
  3886 | D:4      | Paralysed by Ijyb for 6 turns
  3898 | D:4      | Killed Ijyb
  3899 | D:4      | Reached skill level 1 in Spellcasting
  4250 | D:4      | Found Nuutitt's Weapon Shop.
  4431 | D:5      | Entered Level 5 of the Dungeon
  4589 | D:5      | Found a glowing drain.
  4641 | Sewer    | Entered a sewer
  5016 | Sewer    | HP: 14/63 [kobold brigand (9)]
  5020 | Sewer    | Reached skill level 5 in Long Blades
  5020 | Sewer    | Reached XP level 9. HP: 13/68 MP: 13/13
  5693 | D:5      | Reached skill level 5 in Dodging
  5693 | D:5      | Reached skill level 2 in Spellcasting
  5909 | D:5      | Noticed Sigmund
  5916 | D:5      | Killed Sigmund
  5917 | D:5      | Reached skill level 6 in Fighting
  5917 | D:5      | Reached skill level 6 in Invocations
  5923 | D:5      | Found a runed translucent door.
  5924 | D:5      | Noticed Crazy Yiuf
  6433 | D:5      | Killed Crazy Yiuf
  6567 | D:6      | Reached *** piety under Lugonu
  6585 | D:6      | Found a glowing golden altar of the Shining One.
  7322 | D:6      | HP: 10/69 [centaur/arrow (11)]
  7322 | D:6      | HP: 1/69 [centaur (4)]
  7327 | D:6      | HP: 16/69 [orc (2)]
  7329 | D:6      | HP: 7/69 [adder (3)]
  7329 | D:6      | Shot with an arrow by a centaur

Vanquished Creatures
  A tentacled starspawn (Abyss:2)
  Sigmund (D:5)
  A golden eye (Sewer)
  Menkaure (D:4)
  A sky beast (D:6)
  2 centaurs (D:6)
  A phantom (D:5)
  2 kobold brigands (Sewer)
  A scorpion (D:5)
  A howler monkey (D:6)
  A centaur zombie (D:6)
  An orc priest (D:6)
  2 hounds (D:5)
  Crazy Yiuf (D:5)
  An iguana (D:5)
  Ijyb (D:4)
  A killer bee zombie (D:6)
  2 adders
  2 white imps (D:5)
  2 worms
  3 dart slugs
  8 orcs
  7 endoplasms
  6 giant cockroaches
  7 goblins
  3 hobgoblins
  4 jackals (D:4)
  17 kobolds
  7 quokkas
  12 ball pythons
  6 bats
  7 frilled lizards
  10 rats
123 creatures vanquished.

Vanquished Creatures (others)
  An orc wizard (D:6)
  A fungus (D:1)
  4 starspawn tentacles (Abyss:2)
6 creatures vanquished.

Grand Total: 129 creatures vanquished

Table legend:
 A = Non-vault XP
 B = Vault XP
 C = Vault XP percentage of total XP
 D = Non-vault monster count
 E = Vault monster count
 F = Vault count percentage of total count
                 A         B        C        D         E       F
            +---------+---------+-------+---------+---------+-------
      Total |    2533 |     914 |  26.5 |      81 |      42 |  34.1
            +---------+---------+-------+---------+---------+-------
        D:1 |      33 |       0 |   0.0 |      21 |       0 |   0.0
        D:2 |      32 |       0 |   0.0 |      17 |       0 |   0.0
        D:3 |      17 |      15 |  46.9 |      11 |       6 |  35.3
        D:4 |      37 |     201 |  84.5 |      12 |       2 |  14.3
        D:5 |     343 |     276 |  44.6 |       9 |      10 |  52.6
        D:6 |     530 |       0 |   0.0 |      10 |       0 |   0.0
    Abyss:2 |    1541 |       0 |   0.0 |       1 |       0 |   0.0
      Sewer |       0 |     422 | 100.0 |       0 |      24 | 100.0
            +---------+---------+-------+---------+---------+-------

Illustrated notes

Table legend:
 A = Kills in this place as a percentage of kills in entire the game.
 B = Kills by you in this place as a percentage of kills by you in the entire game.
 C = Kills by friends in this place as a percentage of kills by friends in the entire game.
 D = Other kills in this place as a percentage of other kills in the entire game.
 E = Experience gained in this place as a percentage of experience gained in the entire game.
 F = Experience gained in this place divided by the number of levels of this place that you have seen.
                   A       B       C       D       E      F
               +-------+-------+-------+-------+-------+----------------------
         Total | 100.0 | 100.0 |   N/A |   N/A | 100.0 | 383.0
       Dungeon |  79.7 |  79.7 |   N/A |   N/A |  43.1 | 247.3
         Abyss |   0.8 |   0.8 |   N/A |   N/A |  44.7 | 770.5
         Sewer |  19.5 |  19.5 |   N/A |   N/A |  12.2 | 422.0
               +-------+-------+-------+-------+-------+----------------------

Table legend: (Time is in decaauts)
 A = Elapsed time spent in this place.
 B = Non-inter-level travel time spent in this place.
 C = Inter-level travel time spent in this place.
 D = Time resting spent in this place.
 E = Time spent auto-exploring this place.
 F = Levels seen in this place.
 G = Mean time per level.
                   A        B        C        D        E       F      G
               +--------+--------+--------+--------+--------+-----+--------+
         Total |   7392 |   7130 |    262 |    117 |   5855 |   9 |  821.3 |
       Dungeon |   6147 |   5885 |    262 |      0 |   5043 |   6 | 1024.5 |
         Abyss |    232 |    232 |      0 |      0 |    151 |   2 |  116.0 |
         Sewer |   1011 |   1011 |      0 |    117 |    660 |   1 | 1011.0 |
               +--------+--------+--------+--------+--------+-----+--------+

Top non-repeatable levels by time:
     D:1: 1566 daAuts
     D:3: 1135 daAuts
     D:5: 1112 daAuts
   Sewer: 1011 daAuts
     D:4: 964 daAuts
     D:6: 822 daAuts
     D:2: 545 daAuts
 Abyss:1: 153 daAuts
 Abyss:2: 79 daAuts
